 Dungeon Crawl Stone Soup version 0.25-a0-803-g58bd18402a (webtiles) character file.

Game seed: 2915775483077139662, levelgen mode: deterministic

12 Maedhros the Charlatan (level 2, -1/18 HPs)
             Began as an Octopode Artificer on Apr 19, 2020.
             Was an Initiate of Cheibriados.
             Killed from afar by a dart slug (6 damage)
             ... with a slug dart
             ... on level 2 of the Dungeon.
             The game lasted 00:01:19 (227 turns).

Maedhros the Charlatan (Octopode Artificer)          Turns: 227, Time: 00:01:22

Health: -1/18      AC:  1    Str: 12    XL:     2   Next: 33%
Magic:  4/4        EV: 13    Int: 14    God:    Cheibriados [......]
Gold:   16         SH:  0    Dex: 13    Spells: 1/1 levels left

rFire    . . .     SeeInvis .   a - +0 short sword
rCold    . . .     Gourm    .   (no shield)
rNeg     . . .     Faith    .   (helmet restricted)
rPois    .         Spirit   .   (no amulet)
rElec    .         Reflect  .   (no ring)
rCorr    .         Harm     .   (no ring)
MR       .....                  (no ring)
Stlth    +++.......             (no ring)
HPRegen  0.06/turn              (no ring)
MPRegen  0.09/turn              (no ring)
                                (no ring)
                                (no ring)

@: very slow
A: almost no armour, stealthy swim, amphibious, 8 rings, constrict 8, camouflage
1, gelatinous body 1
a: Bend Time, Renounce Religion


You were on level 2 of the Dungeon.
You worshipped Cheibriados.
Cheibriados was noncommittal.
You were not hungry.

You visited 1 branch of the dungeon, and saw 3 of its levels.

You collected 16 gold pieces.

Inventory:

Hand Weapons
 a - a +0 short sword (weapon)
Missiles
 j - 18 poisoned darts (quivered)
 k - a throwing net
Wands
 b - a wand of flame (15)
 c - a wand of enslavement (13)
 d - a wand of random effects (15)
 i - a wand of polymorph (8)
Potions
 e - a potion of stabbing {unknown}
 g - a potion of flight {unknown}
 h - a potion of lignification {unknown}
Comestibles
 f - 2 rations


   Skills:
 - Level 1.0 Fighting
 - Level 1.0 Short Blades
 - Level 2.0 Dodging
 + Level 2.0 Stealth
 * Level 1.2 Unarmed Combat
 + Level 3.5 Evocations


You had one spell level left.
You didn't know any spells.
Your spell library was empty.

Dungeon Overview and Level Annotations

Branches:
Dungeon (3/15)

Altars:
Cheibriados


Innate Abilities, Weirdness & Mutations

You cannot wear most types of armour.
You are very stealthy in the water. (Stealth+)
You are amphibious.
You can wear up to eight rings at the same time.
You can use your tentacles to constrict eight enemies at once.
Your skin changes colour to match your surroundings (Stealth+).
Your rubbery body absorbs attacks. (AC +1, EV +1)


Message History

The bat is heavily wounded.
You constrict the bat. The bat barely misses you.
The bat struggles to escape constriction.
The bat escapes!
The bat hits you but does no damage.
You closely miss the bat. Your grab misses the bat.
The bat is severely wounded.
The bat hits you.
A dart slug comes into view.
The bat barely misses you. x2
The dart slug launches a dart at you. The slug dart hits you.
* * * LOW HITPOINT WARNING * * *
You hit the bat.
You kill the bat!
Cheibriados thoroughly appreciates the change of pace.
Your Stealth skill increases to level 2!
The dart slug launches a dart at you. The slug dart hits you.
You die...

###
##############....
#...†...#......#
#.####....@?#
###..#†#.......
#....#.####.##w
#.##.#.. # ###
.##.##.#### ..#
#.........## #.#
####.#.###.#######
#.# #..# ##......#
#.### #..
#......### #...#


You could see a dart slug.

Vanquished Creatures
  A dart slug (D:2)
  3 goblins (D:2)
  A ball python (D:2)
  2 bats (D:2)
  A frilled lizard (D:2)
  A rat (D:2)
9 creatures vanquished.

Vanquished Creatures (collateral kills)
  A worm (D:2)
  A bat (D:2)
2 creatures vanquished.

Grand Total: 11 creatures vanquished

Notes
Turn   | Place    | Note
-------+----------+-------------------------------------------
     0 | D:1      | Maedhros the Octopode Artificer began the quest for the
                  | Orb.
     0 | D:1      | Reached XP level 1. HP: 13/13 MP: 3/3
    23 | D:1      | You fall into a shaft and drop 1 floor!
    74 | D:2      | Found a snail-covered altar of Cheibriados.
    84 | D:2      | Became a worshipper of Cheibriados the Contemplative
    86 | D:2      | Reached skill level 1 in Unarmed Combat
    86 | D:2      | Reached XP level 2. HP: 6/18 MP: 4/4
   227 | D:2      | Killed from afar by a dart slug

Levels and vault maps discovered:
D:1:      sevenhm_arrival_forest_fort_small_5, layout_basic, minmay_bisected
D:2:      layout_loops_cross, cheibriados_altar_1, minmay_liquid_box,
          nemelex_diamond_rough_becter
D:3:      layout_basic, hex_medium

Skill      XL: |  1  2 |
---------------+-------+-----
Unarmed Combat | 1 |  1.2
Stealth        | 2 |  2.0
Fighting       | |  1.0
Short Blades   | |  1.0
Dodging        | |  2.0
Evocations     | |  3.5

Action                   || total
-------------------------++-------
Melee: Short sword       ||    17
       Constrict         ||     4
Evoke: Wand              ||     2
 Stab: Sleeping          ||     4
Armor: Skin              ||     2
Dodge: Dodged            ||     6

Table legend:
 A = Non-vault XP
 B = Vault XP
 C = Vault XP percentage of total XP
 D = Non-vault monster count
 E = Vault monster count
 F = Vault count percentage of total count
                 A         B        C        D         E       F
            +---------+---------+-------+---------+---------+-------
      Total |      18 |       0 |   0.0 |      11 |       0 |   0.0
            +---------+---------+-------+---------+---------+-------
        D:2 |      18 |       0 |   0.0 |      11 |       0 |   0.0
            +---------+---------+-------+---------+---------+-------
